[Event "Oslo Chess Festival 2017"]
[Site "Oslo"]
[Date "2017.10.04"]
[Round "5"]
[White "Wright, Haakon"]
[Black "Nordquelle, Daniel"]
[Result "0-1"]
[ECO "A45"]
[WhiteElo "1739"]
[BlackElo "2203"]
[Annotator "ChessBase"]
[PlyCount "52"]
[EventType "swiss"]
[EventCountry "NOR"]
[SourceTitle "playchess.com"]
[Source "ChessBase"]
[SourceQuality "1"]
[TimeControl "5400+30"]

1. d4 Nf6 2. Bf4 c5 3. d5 b5 4. a4 Qb6 5. axb5 Qxb5 6. Nd2 Qb4 7. e4 Nxe4 8. c4 Nxd2 9. Qxd2 Qxd2+ 10. Kxd2 d6 11. Bd3 g6 12. Ne2 Nd7 13. Rhb1 Bg7 14. Nc3 a6 15. b4 cxb4 16. Rxb4 Nc5 17. Bc2 O-O 18. Be3 Rd8 19. Bxc5 dxc5 20. Rb6 e6 21. Be4 Ra7 22. Ra5 Be5 23. Rb1 Bd4 24. f4 Re7 25. Kc2 exd5 26. Bxd5 Bf5+ 0-1